 Dungeon Crawl Stone Soup version 0.31-a0-1-g4198be8af4 (webtiles) character file.

Game seed: 15669509976863848490

1675 bande the Chopper (level 9, 0/54 HPs)
             Began as a Gargoyle Fighter on May 2, 2023.
             Was an Initiate of Okawaru.
             Slain by a killer bee (4 damage)
             ... on level 6 of the Dungeon.
             The game lasted 00:07:11 (5772 turns).

bande the Chopper (Gargoyle Fighter)                Turns: 5772, Time: 00:07:12

Health: 0/54       AC: 19    Str: 26    XL:     9   Next: 1%
Magic:  0/9        EV:  8    Int:  9    God:    Okawaru [......]
Gold:   298        SH:  6    Dex: 13    Spells: 8/8 levels left

rFire   . . .        a - +1 war axe
rCold   . . .        c - +1 buckler
rNeg    + + .        m - +0 chain mail
rPois   ∞            B - +2 helmet
rElec   +            (no cloak)
rCorr   .            (no gloves)
SInv    .            (no boots)
Will    .....        i - amulet of guardian spirit Stlth
                     g - ring of positive energy
HPRegen 0.29/turn    u - +6 ring of strength
MPRegen 0.11/turn

%: guardian spirit
@: mighty
A: sickness immunity, AC +6, negative energy resistance 1, electricity
resistance, torment resistance 1, petrification resistance
a: Renounce Religion


You were on level 6 of the Dungeon.
You worshipped Okawaru.
Okawaru was noncommittal.
You visited 2 branches of the dungeon, and saw 8 of its levels.

You collected 298 gold pieces.

Inventory:

Hand Weapons
 a - a +1 war axe (weapon)
 l - a +0 flail
Armour
 c - a +1 buckler (worn)
 m - a +0 chain mail (worn)
 B - a +2 helmet (worn)
Jewellery
 g - a ring of positive energy (left hand)
 i - an amulet of guardian spirit (around neck)
 j - a ring of magical power
 r - an amulet of magic regeneration
 t - the ring "Rade" {Fire Stlth+}
   (You found it on level 4 of the Dungeon)

   [ring of fire]

   It enhances your fire magic.
   rF:        It protects you from fire.
   rC:        It makes you vulnerable to cold.
   Stlth:     It makes you more stealthy.
 u - a +6 ring of strength (right hand)
Wands
 k - a wand of flame (14)
 v - a wand of polymorph (2)
 z - a wand of roots (6)
Scrolls
 e - 4 scrolls of teleportation
 p - a scroll of silence {unknown}
 s - a scroll of fog
 y - a scroll of identify
Potions
 d - a potion of might
 f - a potion of magic {unknown}
 h - a potion of attraction {unknown}
 n - a potion of berserk rage {unknown}
 o - a potion of mutation {unknown}
 q - a potion of haste {unknown}
 x - a potion of heal wounds {unknown}
 A - a potion of brilliance {unknown}


   Skills:
 + Level 5.5 Fighting
 + Level 7.2 Axes
 + Level 6.0 Armour
 - Level 0.2 Stealth
 + Level 5.0 Shields
 * Level 1.0 Invocations
 * Level 3.0 Evocations


You had 8 spell levels left.
You didn't know any spells.
Your spell library contained the following spells:

 Spells                   Type           Power      Damage    Failure   Level
 Sandblast                Erth           0%         2d4       91%         1
 Slow                     Hex            0%         N/A       91%         1
 Passwall                 Tmut/Erth      0%         N/A       97%         2
 Confusing Touch          Hex            0%         N/A       100%        3
 Stone Arrow              Conj/Erth      0%         3d7       100%        3
 Vampiric Draining        Necr           0%         2d6       100%        3
 Volatile Blastmotes      Fire/Tloc      0%         2d10      100%        3
 Fulminant Prism          Conj/Hex       0%         3d5       100%        4
 Iskenderun's Mystic Bla  Conj/Tloc      0%         2d3       100%        4
 Lee's Rapid Deconstruct  Erth           0%         3d4*      100%        5


Dungeon Overview and Level Annotations

Branches:
Dungeon (7/15)             Temple (1/1) D:6

Altars:
Ashenzari
Cheibriados
Gozag
Makhleb
Nemelex Xobeh
Okawaru
Qazlal
Ru
Wu Jian
Xom
Yredelemnul
The Shining One

Annotations:
Temple 2 transporters


Innate Abilities, Weirdness & Mutations

You are immune to sickness and miasma.
Your stone body is resilient. (AC +6)
You are immune to poison.
You resist negative energy. (rN+)
You are resistant to electric shocks. (rElec)
You are resistant to unholy torment.
You are immune to petrification.


Message History

It was a potion of curing.
You feel better.
The killer bee stings you but does no damage.
You block the killer bee's attack.
The killer bee stings you but does no damage.
The killer bee closely misses you.
You feel better. The killer bee barely misses you.
You block the killer bee's attack. The killer bee stings you.
* * * LOW HITPOINT WARNING * * *
The killer bee barely misses you.
You feel better. You block the killer bee's attack. The killer bee stings you.
The killer bee barely misses you. The killer bee closely misses you.
You feel very mighty all of a sudden. The killer bee stings you.
* * * LOW HITPOINT WARNING * * *
You block the killer bee's attack. x2; The killer bee stings you.
* * * LOW HITPOINT WARNING * * *
Unknown command.
You barely miss the killer bee.
The killer bee is lightly wounded.
You slash the killer bee!
The killer bee stings you but does no damage.
The killer bee stings you.
* * * LOW HITPOINT WARNING * * *
The killer bee stings you but does no damage. x2
You slash the killer bee!
The killer bee is heavily wounded.
You hit the killer bee.
The killer bee stings you but does no damage.
The killer bee closely misses you. You block the killer bee's attack.
The killer bee barely misses you.
The killer bee stings you but does no damage. x2
You barely miss the killer bee.
The killer bee is heavily wounded.
You closely miss the killer bee. The killer bee stings you.
* * * LOW HITPOINT WARNING * * *
The killer bee stings you but does no damage.
The killer bee stings you.
* * * LOW HITPOINT WARNING * * *
The killer bee stings you.
You die...

#...# ###.###.#
#...######...##.#
#..........#....#
#..#######...####
#..# ##.## #..#
#.# ##..# #.#
....# #.#####
##### #..gy@#
#####y# #.# #.#
#########.#
#.........#
#.######### #.#
#.#


You could see 2 killer bees and a gnoll.

Vanquished Creatures
  A steam dragon (D:6)
  2 water moccasins (D:5)
  A black bear (D:5)
  2 ice beasts
  An ogre (D:4)
  A phantom (D:6)
  3 scorpions
  A bullfrog (D:6)
  A killer bee (D:6)
  4 hounds
  A jelly (D:5)
  An orc priest (D:6)
  Jessica (D:2)
  3 iguanas
  2 orc wizards (D:6)
  Robin (D:4)
  7 gnolls
  6 adders
  2 ufetubi
  2 worms
  14 orcs
  5 ball pythons
  7 endoplasms
  10 giant cockroaches
  20 goblins
  8 hobgoblins
  A jackal (D:1)
  4 kobolds
  5 quokkas
  8 bats
  4 frilled lizards
  4 rats (D:1)
133 creatures vanquished.

Vanquished Creatures (others)
  An orc wizard (D:6)
  A plant (D:4)
2 creatures vanquished.

Grand Total: 135 creatures vanquished

Notes
Turn   | Place    | Note
-------+----------+-------------------------------------------
     0 | D:1      | bande the Gargoyle Fighter began the quest for the Orb.
     0 | D:1      | Reached XP level 1. HP: 14/14 MP: 1/1
   146 | D:1      | Reached XP level 2. HP: 14/19 MP: 2/2
   247 | D:1      | Reached skill level 2 in Axes
   369 | D:1      | Reached XP level 3. HP: 24/24 MP: 3/3
  1291 | D:2      | Reached XP level 4. HP: 29/29 MP: 4/4
  1704 | D:2      | Noticed Jessica
  1711 | D:2      | Killed Jessica
  1712 | D:2      | Reached skill level 3 in Axes
  1932 | D:3      | Found a stormy altar of Qazlal.
  2031 | D:3      | Reached XP level 5. HP: 32/33 MP: 2/5
  3045 | D:4      | Noticed Robin
  3065 | D:4      | Reached XP level 6. HP: 38/38 MP: 6/6
  3073 | D:4      | Reached skill level 4 in Axes
  3080 | D:4      | Killed Robin
  3218 | D:4      | Identified the ring "Rade" {Fire Stlth+}
  3434 | D:4      | Found an opulent altar of Gozag.
  3660 | D:5      | Entered Level 5 of the Dungeon
  3661 | D:5      | Noticed a water moccasin
  3671 | D:5      | Killed a water moccasin
  3672 | D:5      | Reached XP level 7. HP: 28/44 MP: 4/7
  3769 | D:5      | Reached skill level 5 in Axes
  3774 | D:5      | Reached skill level 5 in Armour
  3868 | D:5      | Found a snail-covered altar of Cheibriados.
  3946 | D:5      | Reached skill level 1 in Evocations
  4049 | D:5      | Reached XP level 8. HP: 32/48 MP: 5/8
  4270 | D:5      | Reached skill level 6 in Axes
  4490 | D:6      | Reached skill level 5 in Fighting
  4794 | D:6      | Reached skill level 5 in Shields
  4931 | D:6      | Found a staircase to the Ecumenical Temple.
  4937 | Temple   | Entered the Ecumenical Temple
  4937 | Temple   | Found a transporter.
  4937 | Temple   | Found a transporter.
  4940 | Temple   | Found a transporter.
  4940 | Temple   | Found a transporter.
  4954 | Temple   | Became a worshipper of Warmaster Okawaru
  5283 | D:6      | HP: 2/49 [something (1)]
  5284 | D:6      | Reached skill level 7 in Axes
  5573 | D:6      | Reached skill level 1 in Invocations
  5573 | D:6      | Reached XP level 9. HP: 31/54 MP: 5/9
  5772 | D:6      | Slain by a killer bee

Illustrated notes

Levels and vault maps discovered:
D:1:      evilmike_arrival_crescent, layout_basic, minmay_tetromino_o4
D:2:      layout_basic, uniq_jessica
D:3:      layout_basic, lemuel_crystal_altar
D:4:      layout_loops_ring, nicolae_gozag_cash_rules_everything_around_me,
          chequers_big_river, nicolae_kite_square_tiling_tiny,
          chequers_serial_rivers_micro_b, uniq_robin
D:5:      layout_basic, cheibriados_altar_1, serial_corexii_hall,
          chequers_hall_statues_y, chequers_hall_statues_y
D:6:      layout_loops_ring, minmay_temple_entry_glassed_door,
          kennysheep_generic_room_9
D:7:      layout_cave_pools
Temple:   hellmonk_temple_divided_pantheon

Skill      XL: |  1  2  3  4  5  6  7  8 |
---------------+-------------------------+-----
Axes           | 2 3 4 5 7 |  7.2
Armour         | 4 5 6 |  6.0
Fighting       | 4 5 |  5.5
Shields        | 4 5 |  5.0
Evocations     | 1 3 |  3.0
Invocations    | 1 |  1.0
Stealth        | |  0.2

Action                     |  1- 3 |  4- 6 |  7- 9 || total
---------------------------+-------+-------+-------++-------
  Melee: War axe           |   135 |   173 |   183 ||   491
    Use: Scroll            |       |    10 |     2 ||    12
         Potion            |       |       |     4 ||     4
 Armour: Scale mail        |    85 |       |       ||    85
         Chain mail        |       |   120 |   143 ||   263
  Dodge: Dodged            |    56 |    56 |    92 ||   204
  Block: Buckler           |    25 |    57 |    71 ||   153

Table legend: (Time is in decaauts)
 A = Elapsed time spent in this place.
 B = Non-inter-level travel time spent in this place.
 C = Inter-level travel time spent in this place.
 D = Time resting spent in this place.
 E = Time spent auto-exploring this place.
 F = Levels seen in this place.
 G = Mean time per level.
                   A        B        C        D        E       F      G
               +--------+--------+--------+--------+--------+-----+--------+
         Total |   5948 |   5668 |    280 |    626 |   3891 |   8 |  743.5 |
       Dungeon |   5909 |   5629 |    280 |    626 |   3891 |   7 |  844.1 |
        Temple |     38 |     38 |      0 |      0 |      0 |   1 |   38.0 |
               +--------+--------+--------+--------+--------+-----+--------+

Top non-repeatable levels by time:
     D:6: 1288 daAuts
     D:1: 1147 daAuts
     D:3: 1016 daAuts
     D:4: 919 daAuts
     D:5: 805 daAuts
     D:2: 710 daAuts
  Temple: 38 daAuts
     D:7: 21 daAuts
